 Dungeon Crawl Stone Soup version 0.31-a0-662-g684573625c (webtiles) character file.

Game seed: 5703133819679701982

83 Xavori the Cutter (level 4, 0/34 HPs)
             Began as an Octopode Chaos Knight on Sept 1, 2023.
             Was a Plaything of Xom.
             Slain by a goblin
             ... wielding a +0 club
             ... led by Robin
              (3 damage)
             ... on level 3 of the Dungeon.
             The game lasted 00:02:33 (10550 turns).

Xavori the Cutter (Octopode Chaos Knight)          Turns: 10550, Time: 00:02:33

Health: 0/34       AC:  1    Str:  8    XL:     4   Next: 44%
Magic:  4/4        EV: 14    Int: 13    God:    Xom [*.....]
Gold:   22         SH:  0    Dex: 17    Spells: 3/3 levels left

rFire   + . .        a - +1 short sword (chaos)
rCold   . . .        (no shield)
rNeg    . . .        (helmet restricted)
rPois   +            (no amulet)
rElec   .            (no ring)
rCorr   .            (no ring)
SInv    .            (no ring)
Will    .....        (no ring)
Stlth   +++          (no ring)
HPRegen 0.25/turn    (no ring)
MPRegen 0.09/turn    (no ring)
                     (no ring)

%: no passive effects
@: no status effects
A: almost no armour, amphibious, 8 rings, camouflage 1, gelatinous body 1,
(nimble swimmer 1), tentacles, fangs 1, agile 1, fire resistance 1, poison
resistance, robust 1, weak 1
a: Renounce Religion


You were on level 3 of the Dungeon.
You worshipped Xom.
You were a special plaything of Xom.
You visited 1 branch of the dungeon, and saw 3 of its levels.

You collected 134 gold pieces.
You spent 112 gold pieces at shops.

Inventory:

Hand Weapons
 a - a +1 short sword of chaos (weapon)
Talismans
 p - a serpent talisman
Wands
 f - a wand of mindburst (5)
 n - a wand of polymorph (10)
Scrolls
 b - a scroll of butterflies
 c - a scroll of amnesia {unknown}
 d - a scroll of summoning {unknown}
 e - 5 scrolls of identify {unknown}
 h - 2 scrolls of teleportation {unknown}
 j - 2 scrolls of noise {unknown}
 k - a scroll of enchant armour {unknown}
Potions
 g - a potion of curing
 i - 2 potions of heal wounds
 l - a potion of berserk rage {unknown}
 m - a potion of attraction {unknown}
 o - a potion of cancellation {unknown}


   Skills:
 + Level 3.5 Fighting
 + Level 3.6 Short Blades
 + Level 2.8 Dodging
 + Level 2.8 Stealth
 * Level 1.0 Evocations


You had 3 spell levels left.
You didn't know any spells.
Your spell library contained the following spells:

 Spells                   Type           Power      Damage    Failure   Level
 Magic Dart               Conj           0%         1d3       30%         1
 Call Imp                 Summ           0%         N/A       43%         2
 Mephitic Cloud           Conj/Pois/Air  0%         N/A       67%         3


Dungeon Overview and Level Annotations

Branches:
Dungeon (3/15)

Altars:

Shops:
D:1 :*!

Annotations:
D:2 1 runed translucent door, Crazy Yiuf
D:3 Robin


Innate Abilities, Weirdness & Mutations

You cannot wear most types of armour.
You are amphibious.
You can wear up to eight rings at the same time.
Your skin changes colour to match your surroundings (Stealth+).
Your rubbery body absorbs attacks. (AC +1, EV +1)
((You are camouflaged when in or above water. (Stealth+)))
You have tentacles for arms and can constrict up to eight enemies at once.
You have very sharp teeth.
You are agile. (Dex +4, Str/Int -1)
Your flesh is heat resistant. (rF+)
Your system is resistant to poisons. (rPois)
You are robust. (+10% HP)
You are weak. (Str -2)


Message History

The hobgoblin attacks as it pursues you!
The hobgoblin barely misses you. Robin throws the goblin at you!
The goblin closely misses you.
The hobgoblin attacks as it pursues you!
The hobgoblin hits you. The goblin hits you with a +0 club.
You hit the goblin.
The goblin is poisoned.
You grab the goblin. You bite the goblin.
The goblin is heavily wounded.
You constrict the goblin, but do no damage.
You hit the goblin. You freeze the goblin.
You kill the goblin!
Robin says, "Kneel, worm!"
The goblin closely misses you. The hobgoblin misses you.
Unknown command.
The goblin unwields a +0 club.
The goblin wields a +0 sling.
The goblin shoots a sling bullet.
The sling bullet closely misses you. The hobgoblin hits you.
Things that are here:
a +0 club; a goblin corpse The hobgoblin attacks as it pursues you!
The hobgoblin barely misses you. Robin throws the goblin at you!
There is an escape hatch in the floor here.
The goblin closely misses you.
The hobgoblin attacks as it pursues you!
The hobgoblin barely misses you. The goblin hits you with a +0 club.
Robin roars a battlecry!
The goblins go into a battle-frenzy!
The hobgoblin attacks as it pursues you!
The hobgoblin barely misses you. Robin throws the goblin at you!
The goblin unwields a +0 sling.
The goblin wields a +0 club.
The goblin hits you with a +0 club.
* * * LOW HITPOINT WARNING * * *
The goblin attacks as it pursues you! The goblin misses you.
The hobgoblin attacks as it pursues you!
The hobgoblin hits you!
* * * LOW HITPOINT WARNING * * *
The goblin hits you with a +0 club.
You die...

..............##### #######
..###.........# ... ....... ..#
#..##.#......# ##......
#..##..##.##.##..#########.......
........##.#.....#.............
##.#..#..).........g.g.........
............#####gg.g.)...)...
..........†######..#####.......
..#.....##....@ggg.## #.g.....
......#.<.....#g....# ##......
...........###.....# ##.....
...................## ######
...........##.......# ###
..##.######..####'####.#
.............#.......#.#
..##.##......#.......#.###
...[....##...#..)≈...#...###


You could see Robin, 3 hobgoblins and 3 goblins.

Vanquished Creatures
  4 adders
  A worm (D:2)
  A dart slug (D:2)
  An orc (D:3)
  3 bats
  An endoplasm (D:2)
  2 giant cockroaches
  4 goblins
  4 hobgoblins (D:1)
  3 jackals (D:1)
  4 quokkas
  2 ball pythons (D:3)
  4 frilled lizards
  3 kobolds
  3 rats
40 creatures vanquished.

Notes
Turn   | Place    | Note
-------+----------+-------------------------------------------
     0 | D:1      | Xavori the Octopode Chaos Knight began the quest for the
                  | Orb.
     0 | D:1      | Reached XP level 1. HP: 16/16 MP: 1/1
    75 | D:1      | Found Dioc Qut's Distillery.
   174 | D:1      | XOM: silly message
   265 | D:1      | Reached XP level 2. HP: 21/21 MP: 2/2
   273 | D:1      | XOM: god gift: staff of fire
   322 | D:1      | Found Ebusuc's General Store.
   669 | D:1      | XOM: scenery: summon butterflies
   787 | D:1      | Found Fyevvoeb's Book Emporium.
   941 | D:1      | XOM: god gift: 4 stones
  1812 | D:1      | XOM is BORED!
  2200 | D:1      | XOM: scenery: summon butterflies
  2580 | D:1      | XOM: give mutation
  2580 | D:1      | Gained mutation: Your flesh is heat resistant. (rF+) [Xom's
                  | grace]
  2774 | D:1      | XOM: scenery: summon butterflies
  2828 | D:1      | XOM: god gift: wand of mindburst (5)
  5618 | D:1      | XOM is BORED!
  5899 | D:1      | XOM: cloud trail
  5991 | D:1      | XOM: noise
  6039 | D:1      | XOM: summons 2 hostile demons
  6040 | D:1      | Noticed a crimson imp
  6073 | D:2      | XOM: god gift: 38 gold pieces
  6127 | D:2      | XOM: give mutation
  6127 | D:2      | Gained mutation: You are weak. (Str -2) [Xom's mischief]
  6355 | D:1      | XOM: give mutation
  6355 | D:1      | Gained mutation: You are agile. (Dex +4, Str/Int -1) [Xom's
                  | grace]
  7074 | D:1      | XOM: stat loss: -1 Str (7/8)
  7263 | D:1      | XOM: give mutations
  7263 | D:1      | Gained mutation: You have very sharp teeth. [Xom's grace]
  7263 | D:1      | Lost mutation: You are weak. (Str -2) [Xom's grace]
  7263 | D:1      | Gained mutation: Your system is resistant to poisons.
                  | (rPois) [Xom's grace]
  7263 | D:1      | Gained mutation: You are robust. (+10% HP) [Xom's grace]
  7425 | D:1      | XOM: divination: magic mapping
  7444 | D:1      | XOM: god gift: scroll labelled PIYNES ZON CIE {god gift}
  8436 | D:1      | XOM is BORED!
  8436 | D:1      | XOM: give mutation
  8436 | D:1      | Gained mutation: You are weak. (Str -2) [Xom's mischief]
  8621 | D:1      | XOM: noise
  8876 | D:1      | XOM is BORED!
  9647 | D:1      | Bought a potion of curing for 42 gold pieces
  9705 | D:2      | Reached skill level 1 in Stealth
  9743 | D:2      | XOM: smoke on damage
  9759 | D:2      | Reached XP level 3. HP: 28/28 MP: 3/3
 10140 | D:2      | Found a runed translucent door.
 10141 | D:2      | Noticed Crazy Yiuf
 10179 | D:2      | Reached XP level 4. HP: 34/34 MP: 4/4
 10289 | D:1      | Bought a potion of heal wounds for 70 gold pieces
 10365 | D:3      | Reached skill level 1 in Evocations
 10458 | D:3      | Identified the +2 hat of the Floral God {rElec rF+ rN+
                  | Str+3}
 10533 | D:3      | Noticed Robin
 10550 | D:3      | Slain by a goblin

Illustrated notes

Levels and vault maps discovered:
D:1:      matt_arrival_spirals, layout_basic, serial_shops,
          nicolae_shop_just_a_little_nook, nicolae_shop_tiny_waterfront,
          nicolae_shop_tiny_waterfront, kennysheep_decorative_pillar
D:2:      layout_rooms, kennysheep_generic_room_9, uniq_crazy_yiuf_cottage
D:3:      layout_rooms, kennysheep_generic_room_8, uniq_grinder, uniq_robin

Skill      XL: |  1  2  3  4 |
---------------+-------------+-----
Stealth        | 1 2 |  2.8
Evocations     | 1 |  1.0
Fighting       | |  3.5
Short Blades   | |  3.6
Dodging        | |  2.8

Action                     |  1- 3 |  4- 6 || total
---------------------------+-------+-------++-------
  Melee: Short sword       |    62 |    12 ||    74
         Constrict         |    17 |     3 ||    20
         Tentacles         |    13 |     1 ||    14
         Bite              |     4 |     1 ||     5
         Punch             |     1 |       ||     1
    Use: Scroll            |     1 |       ||     1
   Stab: Sleeping          |     7 |     4 ||    11
 Armour: Skin              |    22 |    11 ||    33
  Dodge: Dodged            |    38 |    19 ||    57

Table legend: (Time is in decaauts)
 A = Elapsed time spent in this place.
 B = Non-inter-level travel time spent in this place.
 C = Inter-level travel time spent in this place.
 D = Time resting spent in this place.
 E = Time spent auto-exploring this place.
 F = Levels seen in this place.
 G = Mean time per level.
                   A        B        C        D        E       F      G
               +--------+--------+--------+--------+--------+-----+--------+
         Total |  10540 |  10305 |    235 |   8617 |   1401 |   3 | 3513.3 |
       Dungeon |  10540 |  10305 |    235 |   8617 |   1401 |   3 | 3513.3 |
               +--------+--------+--------+--------+--------+-----+--------+

Top non-repeatable levels by time:
     D:1: 9663 daAuts
     D:2: 684 daAuts
     D:3: 192 daAuts
